 Dungeon Crawl Stone Soup version 0.25.0-11-g1f837a7 (webtiles) character file.

Game seed: 5255929883435690146

171 shmeve the Skirmisher (level 5, -1/48 HPs)
             Began as a Minotaur Berserker on June 24, 2020.
             Was a Believer of Trog.
             Slain by a gnoll
             ... wielding a +0 halberd
              (11 damage)
             ... on level 3 of the Dungeon.
             The game lasted 00:02:32 (1826 turns).

shmeve the Skirmisher (Minotaur Berserker)          Turns: 1826, Time: 00:02:32

Health: -1/48      AC:  6    Str: 22    XL:     5   Next: 26%
Magic:  4/4        EV: 11    Int:  5    God:    Trog [**....]
Gold:   63         SH:  0    Dex:  9    Spells: 4/4 levels left

rFire    . . .     SeeInvis .   a - +0 hand axe
rCold    . . .     Gourm    .   (no shield)
rNeg     . . .     Faith    .   l - +0 scale mail
rPois    .         Spirit   .   (helmet restricted)
rElec    .         Reflect  .   (no cloak)
rCorr    .         Harm     .   (no gloves)
MR       .....                  (no boots)
Stlth    ..........             (no amulet)
HPRegen  0.16/turn              (no ring)
MPRegen  0.09/turn              (no ring)

@: berserk cooldown, slowed, very slow
A: retaliatory headbutt, horns 2
a: Berserk, Trog's Hand, Renounce Religion


You were on level 3 of the Dungeon.
You worshipped Trog.
Trog was pleased with you.
You were hungry.

You visited 1 branch of the dungeon, and saw 3 of its levels.

You collected 63 gold pieces.

Inventory:

Hand Weapons
 a - a +0 hand axe (weapon)
 k - a cursed -2 hunting sling
Missiles
 j - a throwing net (quivered)
Armour
 l - a +0 scale mail (worn)
Jewellery
 h - an uncursed ring of protection from cold {unknown}
 n - an uncursed ring of poison resistance
Scrolls
 d - a scroll of immolation {unknown}
 f - a scroll of random uselessness {unknown}
 g - 2 scrolls of remove curse {unknown}
 m - 5 scrolls of identify {unknown}
 p - a scroll of enchant armour {unknown}
 r - a scroll of fog {unknown}
Potions
 b - a potion of lignification {unknown}
 e - a potion of curing {unknown}
 i - 2 potions of ambrosia {unknown}
 o - a potion of brilliance {unknown}
Comestibles
 c - 3 rations
 q - 10 chunks of flesh


   Skills:
 * Level 5.0 Fighting
 * Level 4.8 Axes
 * Level 2.1 Slings
 - Level 0.4(1.2) Throwing
 + Level 3.1 Armour
 + Level 2.9 Dodging


You had 4 spell levels left.
You didn't know any spells.
Your spell library was empty.

Dungeon Overview and Level Annotations

Branches:
Dungeon (3/15)

Altars:


Innate Abilities, Weirdness & Mutations

You reflexively headbutt those who attack you in melee.
You have a pair of horns on your head.


Message History

Unknown command.
You slash the gnoll!
You kill the gnoll!
Trog accepts your kill.
You slash the gnoll! The gnoll hits you with a +0 whip.
Unknown command.
You hit the gnoll. You headbutt the gnoll.
You kill the gnoll!
Trog accepts your kill.
Your Fighting skill increases to level 5!
Unknown command.
You are no longer berserk.
You are exhausted.
You feel yourself slow down. The gnoll hits you with a +0 halberd!
* * * LOW HITPOINT WARNING * * *
You see here a +0 whip.
You hit the gnoll but do no damage.
You headbutt the gnoll, but do no damage.
The gnoll hits you with a +0 halberd!
You die...

...#.# .# ####.# ##.##
#.# ##...##
###.##########.....##
#..........)........###
#.#........#.<)........
#.#######.##.))).......
# #.##..).....##
#.##.##@....#
#.###.#g.#### #.#
#.#... #$. .. ..... #..
###### ... .#.# ..#.


You could see a gnoll.

Vanquished Creatures
  6 gnolls (D:3)
  4 adders
  An ooze (D:2)
  2 worms
  3 dart slugs
  3 leopard geckos
  5 orcs (D:3)
  5 ball pythons
  4 bats
  3 giant cockroaches
  3 hobgoblins
  7 kobolds
  A quokka (D:3)
  5 frilled lizards
  4 goblins
  6 rats
62 creatures vanquished.

Notes
Turn   | Place    | Note
-------+----------+-------------------------------------------
     0 | D:1      | shmeve the Minotaur Berserker began the quest for the Orb.
     0 | D:1      | Reached XP level 1. HP: 19/19 MP: 0/0
   248 | D:1      | Reached XP level 2. HP: 27/27 MP: 1/1
   416 | D:1      | Reached skill level 4 in Fighting
   621 | D:2      | Reached XP level 3. HP: 26/33 MP: 2/2
   869 | D:2      | Reached skill level 1 in Slings
   883 | D:2      | Reached ** piety under Trog
  1179 | D:2      | Reached XP level 4. HP: 41/41 MP: 3/3
  1815 | D:3      | Reached XP level 5. HP: 47/47 MP: 4/4
  1824 | D:3      | Reached skill level 5 in Fighting
  1826 | D:3      | Slain by a gnoll

Illustrated notes

Levels and vault maps discovered:
D:1:      minmay_arrival_doors, layout_loops_cross
D:2:      layout_basic
D:3:      layout_loops_ring

Skill      XL: |  1  2  3  4  5 |
---------------+----------------+-----
Fighting       | 4 5 |  5.0
Axes           | 4 |  4.8
Slings         | 1 2 |  2.1
Armour         | 3 |  3.1
Throwing       | |  0.4
Dodging        | |  2.9

Action                   |  1- 3 |  4- 6 || total
-------------------------+-------+-------++-------
Melee: Hand axe          |    73 |    58 ||   131
       Headbutt          |     9 |    11 ||    20
Invok: Berserk           |     2 |     1 ||     3
  Eat: Chunk             |     3 |     2 ||     5
Armor: Animal skin       |    13 |       ||    13
       Scale mail        |    19 |    17 ||    36
Dodge: Dodged            |    51 |    31 ||    82
